 Dungeon Crawl Stone Soup version 0.32-a0-666-ge8a88695a4 (webtiles) character file.

Game seed: 814290614220821938

10 Esekla the Sneak (level 2, 0/26 HPs)
             Began as a Mountain Dwarf Delver on Mar 9, 2024.
             Succumbed to a scorpion's poison
             ... on level 4 of the Dungeon.
             The game lasted 00:02:03 (166 turns).

Esekla the Sneak (Mountain Dwarf Delver)             Turns: 166, Time: 00:02:04

Health: 0/26       AC:  3    Str: 14    XL:     2   Next: 10%
Magic:  2/2        EV: 11    Int: 10    God:
Gold:   23         SH:  0    Dex: 11    Spells: 1/1 levels left

rFire   . . .        a - +0 hand axe
rCold   . . .        (no shield)
rNeg    . . .        b - +0 leather armour
rPois   .            (no helmet)
rElec   .            (no cloak)
rCorr   .            (no gloves)
SInv    .            (no boots)
Will    .....        (no amulet)
Stlth   ++           (no ring)
HPRegen 0.24/turn    (no ring)
MPRegen 0.08/turn

%: no passive effects
@: lethally poisoned (0 -> -8)
A: runic magic, artefact enchanting
a: no special abilities


You were on level 4 of the Dungeon.
You visited 1 branch of the dungeon, and saw 3 of its levels.

You collected 23 gold pieces.

Inventory:

Hand Weapons
 a - a +0 hand axe (weapon)
Armour
 b - a +0 leather armour (worn)
Wands
 g - a wand of digging (3)
Scrolls
 c - a scroll of fog
 d - a scroll of revelation
 e - a scroll of fear
 i - a scroll of teleportation {unknown}
 j - a scroll of enchant weapon {unknown}
Potions
 f - a potion of haste


   Skills:
 * Level 3.4 Fighting
 * Level 2.8 Axes
 * Level 0.5 Armour
 + Level 1.4 Dodging
 - Level 3.7 Stealth
 * Level 0.4 Spellcasting


You had one spell level left.
You didn't know any spells.
Your spell library contained the following spells:

 Spells                   Type           Power      Damage    Failure   Level
 Summon Ice Beast         Ice/Summ       0%         N/A       75%         3
 Summon Mana Viper        Hex/Summ       0%         N/A       100%        5
 Monstrous Menagerie      Summ           0%         N/A       100%        7


Dungeon Overview and Level Annotations

Branches:
Dungeon (6/15)
 Temple: D:4-7

Altars:


Innate Abilities, Weirdness & Mutations

Your spellcasting is much less encumbered by armour.
You can use scrolls of enchantment on lesser artefacts.


Message History

The quokka bites you but does no damage. x2
You barely miss the quokka.
The quokka is almost dead.
The quokka bites you but does no damage.
You hit the quokka.
You kill the quokka!
You see here a quokka corpse.
You open the door.
A scorpion and a quokka come into view.
There is an open door here. 2 jackals come into view.
The scorpion attacks as it pursues you!
The scorpion stings you but does no damage.
The scorpion stings you. The scorpion stings you.
There is an open door here.
You barely miss the scorpion. The scorpion closely misses you.
The scorpion completely misses you.
You hit the scorpion but do no damage.
The scorpion stings you but does no damage.
You closely miss the scorpion.
The scorpion stings you but does no damage.
You barely miss the scorpion. The scorpion stings you.
You are lethally poisoned!
The scorpion poisons you! The scorpion barely misses you.
You hit the scorpion.
The scorpion is lightly wounded.
* * * LOW HITPOINT WARNING * * *
You feel very sick. The scorpion closely misses you.
You hit the scorpion.
The scorpion is heavily wounded.
* * * LOW HITPOINT WARNING * * *
You feel very sick.
The scorpion stings you but does no damage.
The scorpion stings you.
* * * LOW HITPOINT WARNING * * *
You hit the scorpion but do no damage.
The scorpion is heavily wounded.
You die...

.........#
.h.......+ ........#
........# #.......#
+.......+ ... .. #.
###.......# .....
##..#.sr......+ f#
..#.##...#@#.......#
...
....##.##.#........
....
...##....#######..
..... ...+....# .
......#†##....#
......+.##....#
...S..#.†.....#
..... #....#### ####
###..#


You could see a scorpion and a quokka.

Vanquished Creatures
  An adder (D:4)
  A quokka (D:4)
2 creatures vanquished.

Notes
Turn   | Place    | Note
-------+----------+-------------------------------------------
     0 | D:5      | Esekla the Mountain Dwarf Delver began the quest for the
                  | Orb.
     0 | D:5      | Reached XP level 1. HP: 19/19 MP: 1/1
    54 | D:6      | Noticed a scorpion
    55 | D:6      | Noticed a kobold brigand
    64 | D:6      | Noticed an iguana
   125 | D:4      | Noticed a sleepcap
   134 | D:4      | Reached XP level 2. HP: 23/26 MP: 2/2
   156 | D:4      | Noticed a scorpion
   165 | D:4      | HP: 1/26 [scorpion (3)]
   166 | D:4      | Succumbed to a scorpion's poison

Illustrated notes

Levels and vault maps discovered:
D:4:      layout_basic, mainiacjoe_overflow_tiny_flanked
D:5:      layout_rooms, nicolae_shop_self_help
D:6:      layout_cave_pools, minmay_temple_entry_junction

Action                     || total
---------------------------++-------
  Melee: Hand axe          ||    25
    Use: Potion            ||     1
 Armour: Leather armour    ||    29
  Dodge: Dodged            ||    15

Table legend: (Time is in decaauts)
 A = Elapsed time spent in this place.
 B = Non-inter-level travel time spent in this place.
 C = Inter-level travel time spent in this place.
 D = Time resting spent in this place.
 E = Time spent auto-exploring this place.
 F = Levels seen in this place.
 G = Mean time per level.
                   A        B        C        D        E       F      G
               +--------+--------+--------+--------+--------+-----+--------+
         Total |    170 |    170 |      0 |      0 |      0 |   3 |   56.7 |
       Dungeon |    170 |    170 |      0 |      0 |      0 |   3 |   56.7 |
               +--------+--------+--------+--------+--------+-----+--------+

Top non-repeatable levels by time:
     D:4: 90 daAuts
     D:5: 66 daAuts
     D:6: 14 daAuts
